BSA
SPRINGFIELD STARS @ AUSTIN RIVER SHARKS
08/06/2027
 
TOP OF THE 1ST
Springfield Stars batting - Pitching for Austin River Sharks : RHP Tatsuzo Harada
Pitching: RHP Tatsuzo Harada
Batting: RHB Norberto Taváres 0-0: Foul Ball, location: 2F
0-1: Foul Ball, location: 2F
0-2: Ball
1-2: Ball
2-2: Ball
3-2: SINGLE (Flyball, 89S)
Batting: RHB Calvin Bennett 0-0: Ball
1-0: Ball
2-0: Called Strike
2-1: Called Strike
2-2: Ball
3-2: Fly out, F5 (Popup, 56S)
Batting: LHB Derek Davidson 0-0: Called Strike
0-1: Foul Ball, location: 2F
0-2: Ball
Norberto Taváres steals 2nd base
1-2: Ball
2-2: SINGLE (Flyball, 9S)
Norberto Taváres to third
Batting: LHB Felipe Guerrero 0-0: Ball
1-0: DOUBLE (Line Drive, 9LM)
Norberto Taváres scores
Derek Davidson to third
Batting: LHB Elliott Newell 0-0: Swinging Strike
0-1: Called Strike
0-2: Ball
1-2: Strikes out swinging
Batting: SHB Shane Hutchinson 0-0: Ball
1-0: Ball
2-0: Ball
3-0: Called Strike
3-1: Foul Ball, location: 2F
3-2: Base on Balls
Batting: RHB Juan Carlos Rodríguez 0-0: Fly out, F8 (Flyball, 8LM)
Top of the 1st over - 1 run(s), 3 hit(s), 0 error(s), 3 left on base; Springfield 1 - Austin 0
BOTTOM OF THE 1ST
Austin River Sharks batting - Pitching for Springfield Stars : LHP Brock Morris
Pitching: LHP Brock Morris
Batting: RHB Orlando Bruno 0-0: Called Strike
0-1: Swinging Strike
0-2: Ball
1-2: Strikes out looking
Batting: RHB Carlos Guzmán 0-0: Ball
1-0: Ball
2-0: Ground out 5-3 (Groundball, 2L)
Batting: SHB Juan Castro 0-0: Ball
1-0: Called Strike
1-1: Swinging Strike
1-2: Strikes out swinging
Bottom of the 1st over - 0 run(s), 0 hit(s), 0 error(s), 0 left on base; Springfield 1 - Austin 0
TOP OF THE 2ND
Springfield Stars batting - Pitching for Austin River Sharks : RHP Tatsuzo Harada
Batting: LHB Jesús Tobías 0-0: Ball
1-0: Ball
2-0: Called Strike
2-1: SINGLE (Flyball, 7LS)
Batting: LHB Ryan Drake 0-0: Called Strike
0-1: Ball
1-1: DOUBLE (Flyball, 89XD)
Jesús Tobías to third
Runner from 3rd tries for Home, SAFE, no throw
Batting: RHB Norberto Taváres 0-0: Ball
1-0: Called Strike
1-1: Foul Ball, location: 2F
1-2: Foul Ball, location: 2F
1-2: Foul Ball, location: 2F
1-2: Ball
2-2: Ball
3-2: Foul Ball, location: 2F
3-2: Base on Balls
Batting: RHB Calvin Bennett 0-0: Called Strike
0-1: Ball
1-1: Called Strike
1-2: Ball
2-2: Foul Ball, location: 2F
2-2: Foul Ball, location: 2F
2-2: Grounds into double play, 4-6-3 (Groundball, 4)
Ryan Drake to third
Batting: LHB Derek Davidson 0-0: Fly out, F7 (Flyball, 78M)
Top of the 2nd over - 1 run(s), 2 hit(s), 0 error(s), 1 left on base; Springfield 2 - Austin 0
BOTTOM OF THE 2ND
Austin River Sharks batting - Pitching for Springfield Stars : LHP Brock Morris
Batting: LHB Harry Pitts 0-0: Ball
1-0: Ground out 3-1 (Groundball, 34S)
Batting: RHB Clark Hodge 0-0: Ball
1-0: Ball
2-0: SINGLE (Groundball, 6MD)
Batting: LHB Pedro Zaragoza 0-0: Ball
1-0: Foul Ball, location: 2F
1-1: Swinging Strike
1-2: Ball
2-2: Fly out, F5 (Popup, 5L)
Batting: RHB Cristián Peña 0-0: Ball
1-0: Ball
2-0: Ball
3-0: Called Strike
3-1: Called Strike
3-2: Ground out 5-3 (Groundball, 56S)
Bottom of the 2nd over - 0 run(s), 1 hit(s), 0 error(s), 1 left on base; Springfield 2 - Austin 0
TOP OF THE 3RD
Springfield Stars batting - Pitching for Austin River Sharks : RHP Tatsuzo Harada
Batting: LHB Felipe Guerrero 0-0: Called Strike
0-1: Ball
1-1: Foul Ball, location: 2F
1-2: Foul Ball, location: 2F
1-2: Ground out 4-3 (Groundball, 34D)
Batting: LHB Elliott Newell 0-0: Called Strike
0-1: SINGLE (Groundball, 4MD)
Batting: SHB Shane Hutchinson 0-0: Ball
1-0: Ball
2-0: Ball
3-0: Base on Balls
Elliott Newell to second
Batting: RHB Juan Carlos Rodríguez 0-0: Foul Ball, location: 2F
0-1: Ball
1-1: Ball
2-1: Foul Ball, location: 2F
2-2: Strikes out swinging
Batting: LHB Jesús Tobías 0-0: Called Strike
0-1: Fly out, F3 (Popup, 34)
Top of the 3rd over - 0 run(s), 1 hit(s), 0 error(s), 2 left on base; Springfield 2 - Austin 0
BOTTOM OF THE 3RD
Austin River Sharks batting - Pitching for Springfield Stars : LHP Brock Morris
Batting: RHB Eric Neal 0-0: Foul Ball, location: 2F
0-1: Swinging Strike
0-2: Ball
1-2: Foul Ball, location: 2F
1-2: Strikes out looking
Batting: SHB Juan Acevado 0-0: Swinging Strike
0-1: Fly out, F8 (Flyball, 89M)
Batting: RHB Orlando Bruno 0-0: Called Strike
0-1: Ball
1-1: Ball
2-1: Ball
3-1: Base on Balls
Batting: RHB Carlos Guzmán 0-0: Fly out, F8 (Line Drive, 8LM)
Bottom of the 3rd over - 0 run(s), 0 hit(s), 0 error(s), 1 left on base; Springfield 2 - Austin 0
TOP OF THE 4TH
Springfield Stars batting - Pitching for Austin River Sharks : RHP Tatsuzo Harada
Batting: LHB Ryan Drake 0-0: Ball
1-0: Foul Ball, location: 2F
1-1: SINGLE (Line Drive, 89S)
Batting: RHB Norberto Taváres 0-0: Fly out, F6 (Popup, 6MD)
Batting: RHB Calvin Bennett 0-0: Called Strike
0-1: Called Strike
0-2: Fly out, F8 (Flyball, 89D)
Batting: LHB Derek Davidson 0-0: Ball
1-0: Called Strike
1-1: Ball
2-1: Foul Ball, location: 2F
2-2: Fly out, F7 (Flyball, 78M)
Top of the 4th over - 0 run(s), 1 hit(s), 0 error(s), 1 left on base; Springfield 2 - Austin 0
BOTTOM OF THE 4TH
Austin River Sharks batting - Pitching for Springfield Stars : LHP Brock Morris
Batting: SHB Juan Castro 0-0: Ball
1-0: Ball
2-0: Ground out 6-3 (Groundball, 6)
Batting: LHB Harry Pitts 0-0: Called Strike
0-1: Foul Ball, location: 2F
0-2: Strikes out looking
Batting: RHB Clark Hodge 0-0: SINGLE (Groundball, 4MD)
Batting: LHB Pedro Zaragoza 0-0: Ball
1-0: Called Strike
1-1: Called Strike
1-2: Strikes out looking
Bottom of the 4th over - 0 run(s), 1 hit(s), 0 error(s), 1 left on base; Springfield 2 - Austin 0
TOP OF THE 5TH
Springfield Stars batting - Pitching for Austin River Sharks : RHP Tatsuzo Harada
Pitching: LHP António Coronado
Batting: LHB Felipe Guerrero 0-0: Ball
1-0: Foul Ball, location: 2F
1-1: Called Strike
1-2: Foul Ball, location: 2F
1-2: Foul Ball, location: 2F
1-2: Fly out, F7 (Flyball, 7D)
Batting: LHB Elliott Newell 0-0: Called Strike
0-1: Ball
1-1: Foul Ball, location: 2F
1-2: Foul Ball, location: 2F
1-2: SINGLE (Groundball, 56D)
Batting: SHB Shane Hutchinson 0-0: Ball
1-0: Ball
2-0: Ball
3-0: Called Strike
3-1: Base on Balls
Elliott Newell to second
Batting: RHB Juan Carlos Rodríguez 0-0: Called Strike
0-1: SINGLE (Groundball, 6MD)
Elliott Newell to third
Shane Hutchinson to second
Batting: LHB Jesús Tobías 0-0: Ball
1-0: Ball
2-0: Ball
3-0: Base on Balls
Elliott Newell scores
Shane Hutchinson to third
Juan Carlos Rodríguez to second
Batting: LHB Ryan Drake 0-0: Called Strike
0-1: Ball
1-1: Fly out, F4 (Flyball, 4MD)
Batting: RHB Norberto Taváres 0-0: Ball
1-0: Ball
2-0: Foul Ball, location: 2F
2-1: Swinging Strike
2-2: Fly out, F8 (Flyball, 8LS)
Top of the 5th over - 1 run(s), 2 hit(s), 0 error(s), 3 left on base; Springfield 3 - Austin 0
BOTTOM OF THE 5TH
Austin River Sharks batting - Pitching for Springfield Stars : LHP Brock Morris
Batting: RHB Cristián Peña 0-0: Called Strike
0-1: Ball
1-1: Fly out, F9 (Flyball, 89M)
Batting: RHB Eric Neal 0-0: Ground out 1-3 (Groundball, P)
Batting: SHB Juan Acevado 0-0: Ball
1-0: Called Strike
1-1: Ball
2-1: Ball
3-1: Foul Ball, location: 2F
3-2: DOUBLE (Line Drive, 78D)
Batting: RHB Orlando Bruno 0-0: Ball
1-0: Ball
2-0: Swinging Strike
2-1: Called Strike
2-2: Foul Ball, location: 2F
2-2: Fly out, F6 (Popup, 6MD)
Bottom of the 5th over - 0 run(s), 1 hit(s), 0 error(s), 1 left on base; Springfield 3 - Austin 0
TOP OF THE 6TH
Springfield Stars batting - Pitching for Austin River Sharks : LHP António Coronado
Batting: RHB Calvin Bennett 0-0: Foul Ball, location: 2F
0-1: Ball
1-1: Ball
2-1: Hit by Pitch
Batting: LHB Derek Davidson 0-0: Ball
1-0: Ball
2-0: Ball
3-0: Base on Balls
Calvin Bennett to second
Batting: LHB Felipe Guerrero 0-0: Called Strike
0-1: Foul Ball, location: 2F
0-2: Strikes out swinging
Batting: LHB Elliott Newell 0-0: Called Strike
Calvin Bennett steals 3rd base
Derek Davidson to second
0-1: Ball
1-1: Called Strike
1-2: Strikes out swinging
Batting: SHB Shane Hutchinson 0-0: Ball
1-0: Ball
2-0: Swinging Strike
2-1: Swinging Strike
2-2: Foul Ball, location: 2F
2-2: Strikes out looking
Top of the 6th over - 0 run(s), 0 hit(s), 0 error(s), 2 left on base; Springfield 3 - Austin 0
BOTTOM OF THE 6TH
Austin River Sharks batting - Pitching for Springfield Stars : LHP Brock Morris
Batting: RHB Carlos Guzmán 0-0: Ball
1-0: Ball
2-0: Fly out, F9 (Line Drive, 9S)
Batting: SHB Juan Castro 0-0: Fly out, F4 (Line Drive, 4)
Batting: LHB Harry Pitts 0-0: Foul Ball, location: 2F
0-1: Ball
1-1: Ball
2-1: Ball
3-1: Swinging Strike
3-2: Base on Balls
Batting: RHB Clark Hodge 0-0: Ball
1-0: Foul Ball, location: 2F
1-1: Ball
2-1: Foul Ball, location: 2F
2-2: Foul Ball, location: 2F
2-2: Foul Ball, location: 2F
2-2: Ball
3-2: SINGLE (Line Drive, 6)
Harry Pitts to second
Harry Pitts to third
Batting: LHB Pedro Zaragoza 0-0: Ball
1-0: Foul Ball, location: 2F
1-1: Foul Ball, location: 2F
1-2: Fielders Choice at 2nd, 5-4 (Groundball, 5)
Bottom of the 6th over - 0 run(s), 1 hit(s), 0 error(s), 1 left on base; Springfield 3 - Austin 0
TOP OF THE 7TH
Springfield Stars batting - Pitching for Austin River Sharks : LHP António Coronado
Batting: RHB Juan Carlos Rodríguez 0-0: Foul Ball, location: 2F
0-1: Ground out 4-3 (Groundball, 4MS)
Batting: LHB Jesús Tobías 0-0: Ball
1-0: Foul Ball, location: 2F
1-1: DOUBLE (Line Drive, 89M)
Batting: LHB Ryan Drake 0-0: Ball
1-0: Ground out U3 (Groundball, 3)
Jesús Tobías to third
Batting: RHB Norberto Taváres 0-0: Ball
1-0: Ball
2-0: Ground out 4-3 (Groundball, 34)
Top of the 7th over - 0 run(s), 1 hit(s), 0 error(s), 1 left on base; Springfield 3 - Austin 0
BOTTOM OF THE 7TH
Austin River Sharks batting - Pitching for Springfield Stars : LHP Brock Morris
Batting: RHB Cristián Peña 0-0: Called Strike
0-1: Ball
1-1: Swinging Strike
1-2: Ball
2-2: Ball
3-2: Foul Ball, location: 2F
3-2: Strikes out looking
Batting: RHB Eric Neal 0-0: Ball
1-0: Ball
2-0: Foul Ball, location: 2F
2-1: Foul Ball, location: 2F
2-2: Ball
3-2: Base on Balls
Pitching: RHP Jorge Delgado
Batting: SHB Juan Acevado 0-0: Ball
1-0: Swinging Strike
1-1: Ball
2-1: Foul Ball, location: 2F
2-2: Ball
3-2: Ground out 6-3 (Groundball, 6S)
Eric Neal to second
Batting: RHB Orlando Bruno 0-0: Ball
1-0: Called Strike
1-1: Foul Ball, location: 2F
1-2: Foul Ball, location: 2F
1-2: Ball
2-2: Foul Ball, location: 2F
2-2: Foul Ball, location: 2F
2-2: Ball
3-2: Base on Balls
Batting: RHB Carlos Guzmán 0-0: Called Strike
0-1: Ground out 4-3 (Groundball, 4S)
Bottom of the 7th over - 0 run(s), 0 hit(s), 0 error(s), 2 left on base; Springfield 3 - Austin 0
TOP OF THE 8TH
Springfield Stars batting - Pitching for Austin River Sharks : LHP António Coronado
Pitching: LHP António Bueno
Batting: RHB Calvin Bennett 0-0: Foul Ball, location: 2F
0-1: Fly out, F7 (Flyball, 7S)
Batting: LHB Derek Davidson 0-0: Called Strike
0-1: Ball
1-1: Foul Ball, location: 2F
1-2: Ball
2-2: Strikes out swinging
Batting: LHB Felipe Guerrero 0-0: Foul Ball, location: 2F
0-1: Ball
1-1: Foul Ball, location: 2F
1-2: Ball
2-2: Ball
3-2: Ground out 4-3 (Groundball, 4)
Top of the 8th over - 0 run(s), 0 hit(s), 0 error(s), 0 left on base; Springfield 3 - Austin 0
BOTTOM OF THE 8TH
Austin River Sharks batting - Pitching for Springfield Stars : RHP Jorge Delgado
Batting: SHB Juan Castro 0-0: Called Strike
0-1: Ground out 4-3 (Groundball, 4MS)
Batting: LHB Harry Pitts 0-0: Foul Ball, location: 2F
0-1: Swinging Strike
0-2: Ball
1-2: Ball
2-2: Ball
3-2: Strikes out swinging, 2-3 out at first.
Batting: RHB Clark Hodge 0-0: Called Strike
0-1: Ball
1-1: Swinging Strike
1-2: Ball
2-2: Ball
3-2: Foul Ball, location: 2F
3-2: SINGLE (Line Drive, 56D)
Pitching: LHP Shan Liu
Batting: LHB Pedro Zaragoza 0-0: Called Strike
0-1: Ball
1-1: Fly out, F7 (Flyball, 78S)
Bottom of the 8th over - 0 run(s), 1 hit(s), 0 error(s), 1 left on base; Springfield 3 - Austin 0
TOP OF THE 9TH
Springfield Stars batting - Pitching for Austin River Sharks : LHP António Bueno
Batting: LHB Elliott Newell 0-0: Ball
1-0: Ball
2-0: Ball
3-0: Fly out, F7 (Flyball, 7)
Batting: SHB Shane Hutchinson 0-0: Ball
1-0: Called Strike
1-1: Foul Ball, location: 2F
1-2: Foul Ball, location: 2F
1-2: Reached on error, E9 (Flyball, 89M)
Batting: RHB Juan Carlos Rodríguez 0-0: Ball
1-0: Ball
2-0: Fly out, F8 (Flyball, 89S)
Batting: LHB Jesús Tobías 0-0: Ball
1-0: Called Strike
1-1: Foul Ball, location: 2F
1-2: Foul Ball, location: 2F
1-2: Strikes out swinging
Top of the 9th over - 0 run(s), 0 hit(s), 1 error(s), 1 left on base; Springfield 3 - Austin 0
BOTTOM OF THE 9TH
Austin River Sharks batting - Pitching for Springfield Stars : LHP Shan Liu
Pitching: RHP José Valdéz
Batting: RHB Cristián Peña 0-0: DOUBLE (Line Drive, 78D)
Batting: RHB Eric Neal 0-0: Ball
1-0: Ball
2-0: Called Strike
2-1: Foul Ball, location: 2F
2-2: Strikes out swinging, 2-3 out at first.
Batting: SHB Juan Acevado 0-0: SINGLE (Flyball, 8LS)
Cristián Peña to third
Batting: RHB Orlando Bruno 0-0: Called Strike
0-1: Ball
1-1: Foul Ball, location: 2F
1-2: Ball
2-2: Strikes out swinging
Batting: RHB Carlos Guzmán 0-0: Fielders Choice at 2nd, 5-4 (Groundball, 56)
Bottom of the 9th over - 0 run(s), 2 hit(s), 0 error(s), 1 left on base; Springfield 3 - Austin 0
Thursday, March 30th, 2017 - OOTP Baseball 17.12 Build 75